 Dungeon Crawl Stone Soup version 0.27.1-1-g398f81649c (webtiles) character file.

Game seed: 4733310668903090372

2044 Elvor the Sneak (level 9, 0/55 HPs)
             Began as a Gargoyle Delver on Sept 15, 2021.
             Was a Believer of Okawaru.
             Slain by an ogre (29 damage)
             ... on level 6 of the Dungeon.
             The game lasted 00:52:10 (6295 turns).

Elvor the Sneak (Gargoyle Delver)                   Turns: 6295, Time: 00:52:11

Health: 0/55       AC: 14    Str: 19    XL:     9   Next: 24%
Magic:  9/9        EV: 11    Int: 11    God:    Okawaru [**....]
Gold:   428        SH:  3    Dex: 11    Spells: 4/8 levels left

rFire    . . .     SeeInvis .   O - +0 flail
rCold    + . .     Faith    .   B - +0 buckler
rNeg     + . .     Spirit   .   z - +0 ring mail {rC+}
rPois    ∞         Reflect  .   G - +0 helmet
rElec    +         Harm     .   (no cloak)
rCorr    .         Rampage  .   (no gloves)
Will     .....                  D - +0 pair of boots
Stlth    +++++.....             (no amulet)
HPRegen  0.18/turn              q - ring of Shadows {Umbra +Inv Stlth+}
MPRegen  0.11/turn              l - ring of flight

@: flying, wreathed by umbra
A: sickness immunity, AC +6, negative energy resistance 1, electricity
resistance, torment resistance 1, petrification resistance
a: Renounce Religion, Evoke Invisibility, Heroism


You were on level 6 of the Dungeon.
You worshipped Okawaru.
Okawaru was pleased with you.
You visited 2 branches of the dungeon, and saw 7 of its levels.

You collected 428 gold pieces.

Inventory:

Hand Weapons
 m - the +6 battleaxe of the Gnat {pain, Int+3}
   (You found it on level 4 of the Dungeon)

   In the hands of one skilled in necromantic magic, it inflicts extra damage on
   living creatures.
   Int:       It affects your intelligence (+3).
 o - a +2 vorpal war axe
 v - a +3 falchion of electrocution
 L - a +0 hunting sling
 O - a +0 flail (weapon)
Missiles
 b - 20 sling bullets
 n - 175 stones
 p - 7 poisoned darts (quivered)
 r - 5 javelins
 x - 2 boomerangs of dispersal
Armour
 z - a +0 ring mail of cold resistance (worn)
 B - a +0 buckler (worn)
 D - a +0 pair of boots (worn)
 G - a +0 helmet (worn)
Jewellery
 l - a ring of flight (right hand)
 q - the ring of Shadows (left hand) {Umbra +Inv Stlth+}
   (You found it on level 4 of the Dungeon)

   [ring of stealth]

   It surrounds you with an aura of shadow, increasing your stealth and reducing
   the accuracy of all within it (including the wearer).
   +Inv:      It lets you turn invisible.
   Stlth:     It makes you more stealthy.
 K - a ring of see invisible
Wands
 e - a wand of iceblast (8)
 g - a wand of digging (3)
 w - a wand of paralysis (4)
 y - a wand of acid (8)
Scrolls
 c - 2 scrolls of fog
 d - 3 scrolls of magic mapping
 f - 3 scrolls of blinking
 h - a scroll of brand weapon
 i - a scroll of noise {unknown}
 j - a scroll of acquirement {unknown}
 k - a scroll of holy word {unknown}
 s - 2 scrolls of enchant armour
 t - 2 scrolls of enchant weapon
 A - a scroll of summoning {unknown}
 C - 5 scrolls of teleportation {unknown}
 E - a scroll of torment {unknown}
 J - a scroll of vulnerability {unknown}
Potions
 a - 2 potions of flight {unknown}
 u - a potion of ambrosia
 F - a potion of haste
 I - 3 potions of lignification
 M - a potion of resistance
 N - a potion of magic {unknown}


   Skills:
 + Level 5.6 Fighting
 + Level 3.4(4.7) Axes
 + Level 5.5(6.1) Maces & Flails
 + Level 4.0 Throwing
 + Level 4.9 Armour
 + Level 3.3 Dodging
 + Level 7.3 Stealth
 + Level 1.4 Shields
 + Level 0.1 Spellcasting
 + Level 0.3 Earth Magic
 + Level 0.2 Evocations


You had 4 spell levels left.
You knew the following spells:

 Your Spells              Type           Power      Damage    Failure   Level
a - Foxfire               Conj/Fire      0%         2x1d4     63%         1
b - Sandblast             Erth           0%         2d4       56%         1
c - Passwall              Tmut/Erth      0%         N/A       75%         2

Your spell library contained the following spells:

 Spells                   Type           Power      Damage    Failure   Level
 Conjure Flame            Conj/Fire      0%         6-21      94%         3
 Inner Flame              Hex/Fire       0%         N/A       94%         3
 Lee's Rapid Deconstruct  Erth           0%         3d5*      100%        5


Dungeon Overview and Level Annotations

Branches:
Dungeon (6/15)             Temple (1/1) D:4

Altars:
Ashenzari
Cheibriados
Dithmenos
Elyvilon
Gozag
Kikubaaqudgha
Makhleb
Nemelex Xobeh
Okawaru
Qazlal
Ru
Sif Muna
Trog
Vehumet
Wu Jian
Xom
Yredelemnul
Zin

Shops:
D:5 [


Innate Abilities, Weirdness & Mutations

You are immune to sickness and miasma.
Your stone body is resilient. (AC +6)
You are immune to poison.
You resist negative energy. (rN+)
You are resistant to electric shocks. (rElec)
You are resistant to unholy torment.
You are immune to petrification.


Message History

The bullfrog is poisoned.
The bullfrog hits you but does no damage.
Throw: 10 darts (poison)
Press: ? - help, Q - select action, (/) - cycle Shift-Dir - straight line, f/p - bullfrog
Aim: a bullfrog (poisoned, umbra, 42% to hit)
You throw a poisoned dart.
The poisoned dart closely misses the bullfrog.
The bullfrog hits you.
Throw: 9 darts (poison)
Press: ? - help, Q - select action, (/) - cycle Shift-Dir - straight line, f/p - bullfrog
Aim: a bullfrog (poisoned, umbra, 42% to hit)
You throw a poisoned dart. The poisoned dart hits the bullfrog.
The bullfrog looks even sicker.
The bullfrog hits you but does no damage.
The bullfrog barely misses you.
You completely miss the bullfrog. The bullfrog hits you.
Your ring mail prevents you from hitting the bullfrog.
The bullfrog hits you but does no damage.
The bullfrog misses you.
You sock the bullfrog!
The bullfrog is almost dead.
You block the bullfrog's attack. The bullfrog barely misses you.
An ogre comes into view. It is wielding a +0 giant spiked club.
You miss the bullfrog.
The bullfrog is almost dead.
The bullfrog swells and bulges.
The bullfrog misses you. The bullfrog hits you.
You thump the bullfrog!
You kill the bullfrog!
Okawaru accepts your kill.
Throw: 8 darts (poison)
Press: ? - help, Q - select action, (/) - cycle Shift-Dir - straight line, f - ogre
Aim: an ogre, wielding a +0 giant spiked club (umbra, 64% to hit)
You throw a poisoned dart. The poisoned dart hits the ogre!
The ogre is poisoned.
The ogre misses you.
An orc comes into view. It is wielding a +0 hand axe.
The ogre hits you with a +0 giant spiked club!!
Ouch! That really hurt!
You die...

####### #.....#
#.....##### ## #...†.....#
.#########.........#
...................#
#.......#..........#
..#####.....###.@..#######
.........##.# #..O........
########.##..####)########
..## #.###..........c..
#..## #.# #.#####'######
##..# #.# .# .. ###.## ..#
.# ..# # #..##.# #c# .##
##.#..# #..# ##


You could see an ogre (very poisoned).

Vanquished Creatures
  Eustachio (D:4)
  A necrophage (D:5)
  6 ogres
  2 black bears
  A centaur (D:6)
  3 bullfrogs
  A wyvern zombie (D:6)
  2 scorpions
  A jelly (D:4)
  An orc priest (D:2)
  2 gnoll shamans
  4 hounds
  A centaur skeleton (D:4)
  4 orc wizards (D:4)
  3 iguanas
  A hound skeleton (D:5)
  Robin (D:2)
  6 adders
  6 gnolls (D:6)
  A white imp (D:6)
  An ufetubus (D:5)
  An adder skeleton (D:4)
  2 worms
  A dart slug (D:5)
  5 orcs
  13 ball pythons
  5 bats
  9 endoplasms
  3 giant cockroaches
  12 goblins
  5 hobgoblins
  4 jackals
  3 quokkas
  5 frilled lizards
  5 kobolds
  2 rats
124 creatures vanquished.

Vanquished Creatures (others)
  4 foxfires
  5 plants (D:3)
9 creatures vanquished.

Grand Total: 133 creatures vanquished

Notes
Turn   | Place    | Note
-------+----------+-------------------------------------------
     0 | D:5      | Elvor the Gargoyle Delver began the quest for the Orb.
     0 | D:5      | Reached XP level 1. HP: 14/14 MP: 1/1
    14 | D:5      | Noticed an iguana
    32 | D:5      | Noticed a scorpion
    63 | D:5      | Found Efi Diaps's Armour Shoppe.
    85 | D:5      | Noticed an ogre
    91 | D:4      | Noticed a black bear
    95 | D:4      | Noticed an orc wizard
    95 | D:4      | Noticed an orc wizard
    97 | D:4      | Noticed an orc wizard
    97 | D:4      | Noticed an orc wizard
   123 | D:4      | Reached skill level 6 in Stealth
   123 | D:4      | Reached XP level 2. HP: 13/19 MP: 2/2
   123 | D:4      | Reached XP level 3. HP: 16/23 MP: 3/3
   138 | D:4      | Noticed an ogre
   911 | D:5      | Noticed a necrophage
   945 | D:5      | Noticed a bullfrog
   988 | D:5      | Noticed an ogre
   988 | D:5      | Noticed an ogre
  1001 | D:4      | Identified the +6 battleaxe of the Gnat {pain, Int+3}
  1025 | D:4      | Killed an ogre
  1026 | D:4      | Reached skill level 1 in Armour
  1026 | D:4      | Reached XP level 4. HP: 14/29 MP: 4/4
  1026 | D:4      | Reached XP level 5. HP: 15/33 MP: 5/5
  1416 | D:4      | Found the ring of Shadows {Umbra +Inv Stlth+}
  1703 | D:4      | Reached skill level 1 in Axes
  1728 | D:4      | Reached XP level 6. HP: 25/39 MP: 6/6
  1834 | D:4      | Killed a black bear
  1857 | D:4      | Learned a level 1 spell: Foxfire
  1883 | D:4      | Noticed Eustachio
  1902 | D:4      | Killed Eustachio
  1903 | D:4      | Reached skill level 1 in Throwing
  1903 | D:4      | Reached XP level 7. HP: 20/44 MP: 7/7
  2280 | D:4      | Found a staircase to the Ecumenical Temple.
  2289 | Temple   | Entered the Ecumenical Temple
  2383 | Temple   | Became a worshipper of Warmaster Okawaru
  2656 | D:3      | Found an ornate altar of the Wu Jian Council.
  2957 | D:3      | Found a shimmering blue altar of Sif Muna.
  3231 | D:2      | Noticed Robin
  3248 | D:2      | Killed Robin
  4123 | D:1      | Learned a level 1 spell: Sandblast
  4126 | D:1      | Learned a level 2 spell: Passwall
  4280 | D:1      | You are sucked into a shaft and drop 1 floor!
  4373 | D:1      | Found a faded altar of an unknown god.
  4884 | D:5      | Reached skill level 7 in Stealth
  4884 | D:5      | Reached XP level 8. HP: 27/48 MP: 8/8
  5230 | D:5      | Reached skill level 5 in Fighting
  5294 | D:5      | Reached * piety under Okawaru
  5950 | D:6      | Reached skill level 5 in Maces & Flails
  6026 | D:6      | Reached skill level 1 in Shields
  6119 | D:6      | Reached XP level 9. HP: 54/54 MP: 9/9
  6284 | D:6      | Reached ** piety under Okawaru
  6295 | D:6      | Slain by an ogre

Illustrated notes

Levels and vault maps discovered:
D:1:      minmay_arrival_cross, layout_rooms, ebering_ecumenical_altar_box
D:2:      cheibrodos_pilgrimage, layout_basic, chequers_serial_rivers_large_a,
          uniq_robin
D:3:      layout_rooms, amcnicky_altar_gilded, nicolae_wu_jian_wuxing_cycle,
          grunt_decor_clamped, corexii_item_surrounded_by_moat,
          minmay_misc_feat_more_columns, serial_bayou_pond_c,
          kennysheep_big_empty_room
D:4:      minmay_chambers_of_twos, layout_layer_cave,
          minmay_temple_entry_poolview, minmay_misc_feat_iff,
          minmay_a_box_with_orc_wizards_in_it, uniq_eustachio
D:5:      layout_basic, serial_shops, nicolae_shop_behind_doors,
          chequers_serial_rivers_micro_b
D:6:      layout_rooms, serial_park_tiny_2, minmay_quadrilaterals, uniq_pikel
Temple:   regret_index_temple_sphere_string

Skill      XL: |  1  2  3  4  5  6  7  8  9 |
---------------+----------------------------+-----
Stealth        | 6 7 |  7.3
Armour         | 1 2 3 4 |  4.9
Dodging        | 2 3 |  3.3
Fighting       | 4 5 |  5.6
Axes           | 1 2 3 |  3.4
Throwing       | 1 3 4 |  4.0
Maces & Flails | 3 5 |  5.5
Shields        | 1 |  1.4
Spellcasting   | |  0.1
Earth Magic    | |  0.3
Evocations     | |  0.2

Action                   |  1- 3 |  4- 6 |  7- 9 || total
-------------------------+-------+-------+-------++-------
Melee: Mace              |    38 |       |   357 ||   395
       Battleaxe         |     4 |    65 |    33 ||   102
       Flail             |       |       |    38 ||    38
Throw: Stone             |     4 |       |     5 ||     9
       Dart              |       |    10 |    89 ||    99
 Cast: Foxfire           |       |     1 |     1 ||     2
       Sandblast         |       |       |     2 ||     2
Evoke: Wand              |       |       |     1 ||     1
  Use: Potion            |     1 |     1 |     5 ||     7
       Scroll            |     1 |       |     8 ||     9
 Stab: Sleeping          |       |     2 |    24 ||    26
Armor: Ring mail         |    49 |    64 |   206 ||   319
Dodge: Dodged            |    63 |    53 |   308 ||   424
Block: Buckler           |       |       |    54 ||    54
